 Dungeon Crawl Stone Soup version 0.27.1-16-g815e20cd7a (webtiles) character file.

Game seed: 13767326945574017258

251 pkoi the Ruffian (level 5, -5/40 HPs)
             Began as a Draconian Monk on Nov 23, 2021.
             Was a Believer of Hepliaklqana.
             Slain by an ice beast (12 damage)
             ... in the Ecumenical Temple.
             The game lasted 00:04:25 (3679 turns).

pkoi the Ruffian (Draconian Monk)                   Turns: 3679, Time: 00:04:26

Health: -5/40      AC:  5    Str: 14    XL:     5   Next: 88%
Magic:  5/5        EV: 12    Int: 11    God:    Hepliaklqana [**....]
Gold:   134        SH:  5    Dex: 13    Spells: 4/4 levels left

rFire    . . .     SeeInvis .   p - +3 whip (elec)
rCold    . . .     Faith    .   (no shield)
rNeg     . . .     Spirit   .   (armour unavailable)
rPois    .         Reflect  +   (helmet restricted)
rElec    .         Harm     .   (no cloak)
rCorr    .         Rampage  .   (no gloves)
Will     .....                  (no boots)
Stlth    ++........             f - amulet of reflection
HPRegen  0.13/turn              (no ring)
MPRegen  0.09/turn              (no ring)

@: no status effects
A: reduced essence, AC +5, unfitting armour, cold-blooded
a: Renounce Religion, Recall Ancestor, Ancestor Identity


You were in the Ecumenical Temple.
You worshipped Hepliaklqana.
Hepliaklqana was pleased with you.
You visited 2 branches of the dungeon, and saw 5 of its levels.

You collected 134 gold pieces.

Inventory:

Hand Weapons
 b - a +4 dagger of venom
 p - a +3 whip of electrocution (weapon)
Jewellery
 f - an amulet of reflection (around neck)
 g - a ring of resist corrosion
Wands
 k - a wand of digging (3)
 l - a wand of iceblast (11)
Scrolls
 a - 3 scrolls of identify
 c - a scroll of acquirement {unknown}
 j - a scroll of noise {unknown}
Potions
 d - 2 potions of curing {unknown}
 e - a potion of brilliance {unknown}
 h - 2 potions of heal wounds {unknown}
 i - a potion of might {unknown}
 m - a potion of lignification


   Skills:
 - Level 3.2 Fighting
 - Level 2.6 Dodging
 - Level 1.7 Stealth
 + Level 6.7 Unarmed Combat


You had 4 spell levels left.
You didn't know any spells.
Your spell library contained the following spells:

 Spells                   Type           Power      Damage    Failure   Level
 Animate Skeleton         Necr           0%         N/A       34%         1
 Pain                     Necr           0%         1d4       34%         1
 Stone Arrow              Conj/Erth      0%         3d7       71%         3
 Vampiric Draining        Necr           0%         2d6       71%         3
 Fireball                 Conj/Fire      0%         3d3       100%        5
 Iskenderun's Battlesphe  Conj           0%         2d6       100%        5
 Conjure Ball Lightning   Conj/Air       0%         3x3d6     100%        6
 Orb of Destruction       Conj           0%         N/A       100%        7
 Lehudib's Crystal Spear  Conj/Erth      0%         10d2      100%        8
 Animate Armour           Summ/Erth      Unusable   N/A       N/A         4

Dungeon Overview and Level Annotations

Branches:
Dungeon (4/15)             Temple (1/1) D:4

Altars:
Dithmenos
Elyvilon
Fedhas
Gozag
Hepliaklqana
Makhleb
Nemelex Xobeh
Ru
Sif Muna
Trog
Uskayaw
Vehumet
Wu Jian
Yredelemnul
Zin
The Shining One

Shops:
D:1 *   D:4 ?[

Annotations:
D:3 3 runed translucent doors, Crazy Yiuf; Fractals's ghost, amateur HuFi
D:4 1 runed translucent door, riftmaster1123's ghost, amateur DrIE


Innate Abilities, Weirdness & Mutations

Your life essence is reduced to manifest your ancestor. (-10% HP)
Your plain brown scales are hard. (AC +5)
You cannot fit into any form of body armour.
You are cold-blooded and may be slowed by cold attacks.


Message History

p - a +3 whip of electrocution (weapon)
Unknown command.
Belle blocks the orc's attack.
You barely miss the phantom.
The phantom is lightly damaged.
The orc priest looks encouraged for a moment.
You block the phantom's attack.
Belle hits the phantom with a +0 flail.
You hit the phantom. You tail-slap the phantom.
The phantom is heavily damaged.
The phantom hits you.
The orc hits Belle with a +0 flail.
Belle closely misses the orc.
You hit the phantom.
The phantom is severely damaged.
The orc hits Belle with a +0 flail!
Belle is destroyed!
The phantom hits you but does no damage.
You closely miss the phantom.
The phantom is severely damaged.
The phantom hits you.
The orc priest calls down the wrath of Beogh upon you.
Beogh smites you!
* * * LOW HITPOINT WARNING * * *
Unknown command.
You hit the phantom.
The phantom is severely damaged.
The phantom hits you but does no damage.
The phantom completely misses you.
Unknown command.
There is a staircase to the Ecumenical Temple here.
The ice beast hits you but does no damage.
The phantom hits you but does no damage.
You climb downwards.
Welcome back to the Ecumenical Temple!
There is a staircase back to the Dungeon here.
Unknown command.
You hit the phantom.
The phantom is almost destroyed.
The ice beast hits you.
* * * LOW HITPOINT WARNING * * *
The ice beast freezes you!
You die...

############## ### ##
#........#...###.###.
#...W....+....#...#..
#...@....#.....#.#...
#....Y..##...........
#......##......#.#...
#....###......##.##..
#...##.....####...###
##'##.....##.##...##.
#........#...#.._..#.
#.......##._.##...##.
#.......#.....#...#.P


You could see a phantom and an ice beast.

Vanquished Creatures
  A jelly (D:4)
  An iguana (D:4)
  An orc wizard (D:4)
  3 gnolls (D:2)
  4 adders
  A worm (D:3)
  6 dart slugs
  7 orcs
  5 ball pythons
  9 endoplasms
  4 giant cockroaches
  7 goblins
  5 hobgoblins
  15 kobolds
  5 quokkas
  5 bats
  4 frilled lizards
  4 rats
87 creatures vanquished.

Vanquished Creatures (others)
  A knight (D:4)
  6 plants (D:4)
7 creatures vanquished.

Grand Total: 94 creatures vanquished

Notes
Turn   | Place    | Note
-------+----------+-------------------------------------------
     0 | D:1      | pkoi the Draconian Monk began the quest for the Orb.
     0 | D:1      | Reached XP level 1. HP: 19/19 MP: 1/1
   225 | D:1      | Reached XP level 2. HP: 21/26 MP: 2/2
   336 | D:1      | Found a faded altar of an unknown god.
   447 | D:1      | Found Ralehiut's Assorted Antiques.
   451 | D:1      | Reached skill level 4 in Unarmed Combat
   551 | D:1      | Reached XP level 3. HP: 9/31 MP: 3/3
  1384 | D:2      | Reached XP level 4. HP: 34/38 MP: 4/4
  1389 | D:2      | Reached skill level 5 in Unarmed Combat
  2153 | D:3      | Reached XP level 5. HP: 45/45 MP: 5/5
  2385 | D:3      | Found a large runed translucent door.
  2386 | D:3      | Found a large runed translucent door.
  2449 | D:3      | Found a shimmering blue altar of Sif Muna.
  2521 | D:3      | Found a runed translucent door.
  2522 | D:3      | Noticed Crazy Yiuf
  2606 | D:3      | Noticed Fractals's ghost (amateur HuFi)
  2688 | D:4      | Found Cuuly's Magic Scroll Boutique.
  2698 | D:4      | Reached skill level 6 in Unarmed Combat
  2777 | D:4      | Found a runed translucent door.
  2779 | D:4      | Noticed riftmaster1123's ghost (amateur DrIE)
  3063 | D:4      | Found a staircase to the Ecumenical Temple.
  3355 | Temple   | Entered the Ecumenical Temple
  3632 | Temple   | Became a worshipper of Hepliaklqana the Forgotten
  3632 | Temple   | Reached * piety under Hepliaklqana
  3632 | Temple   | Reached ** piety under Hepliaklqana
  3633 | Temple   | Remembered your ancestor Belle as a knight
  3661 | D:4      | Found Oshrakysm's Armour Shoppe.
  3661 | D:4      | Noticed a phantom
  3665 | D:4      | Noticed an ice beast
  3679 | Temple   | Slain by an ice beast

Illustrated notes

Levels and vault maps discovered:
D:1:      dpeg_arrival_windows_large_door, layout_loops_ring,
          shapermc_ecumenical_altar_pompeii, serial_shops, nicolae_diamond_shop
D:2:      layout_basic, minivault_19, hangedman_decor_clover_reticule,
          hangedman_feature_mirror, fountainhead,
          minmay_fractal_squares_gapless_5
D:3:      layout_rooms, led_sif_pool, ebering_ghost_disaster_area,
          minmay_stone_trees_medium, uniq_crazy_yiuf_cottage
D:4:      layout_basic, overflow_temple_1_default,
          minmay_temple_entry_gardened_gates, ebering_ghost_sewer_d,
          serial_shops, nicolae_shop_temple_entry_statues_fountains,
          nicolae_shop_temple_entry_statues_fountains, shop,
          nicolae_shop_temple_entry_statues_fountains, shop, uniq_duvessa
Temple:   regret_index_temple_generic_petals

Skill      XL: |  1  2  3  4  5 |
---------------+----------------+-----
Unarmed Combat | 4 5 6 |  6.7
Fighting       | |  3.2
Dodging        | |  2.6
Stealth        | |  1.7

Action                   |  1- 3 |  4- 6 || total
-------------------------+-------+-------++-------
Melee: Unarmed           |    55 |       ||    55
       Tailslap          |    13 |    12 ||    25
       Dagger            |    49 |   106 ||   155
       Punch             |     2 |     1 ||     3
       Whip              |       |     6 ||     6
Invok: Ancestor Life: Kn |       |     1 ||     1
       Ancestor Identity |       |     1 ||     1
  Use: Scroll            |       |     5 ||     5
 Stab: Sleeping          |     1 |     3 ||     4
Armor: Skin              |    19 |    31 ||    50
Dodge: Dodged            |    53 |    56 ||   109
Block: Other             |     1 |    20 ||    21
       Reflection        |       |     1 ||     1
